 Dungeon Crawl Stone Soup version 0.23.0 (webtiles) character file.

Game seed: 3098048677953350384

94789 Zonian the Thaumaturge (level 16, -26/187 HPs)
             Began as a Gnoll Skald on Feb 10, 2019.
             Was an Initiate of Gozag.
             Annihilated by Donald
             ... wielding a +0 vampiric scimitar
              (30 damage)
             ... on level 2 of the Orcish Mines.
             The game lasted 02:27:53 (33088 turns).

Zonian the Thaumaturge (Gnoll Skald)               Turns: 33088, Time: 02:27:54

Health: -26/187    AC: 20    Str: 26    XL:     16   Next: 12%
Magic:  31/31      EV: 18    Int: 19    God:    Gozag
Gold:   1604       SH: 10    Dex: 20    Spells: 3/37 levels left

rFire    + . .     SeeInvis .   m - +6 long sword of Ynlets {flame, rPois rC+++ MP-9 Str+3}
rCold    + + +     Gourm    .   u - +3 buckler
rNeg     . . .     Faith    .   A - +5 scale mail of the Eagle {rC+ MR+}
rPois    +         Spirit   .   U - +0 helmet of the Hurricane {Regen+}
rElec    +         Reflect  .   a - +1 cloak
rCorr    .         Harm     .   q - +1 pair of gloves
MR       ++...                  (no boots)
Stlth    ..........             B - amulet of rage
HPRegen  0.81/turn              f - ring of Hiovvify {rElec rF+ Int+2 Dex+4 Stlth-}
MPRegen  0.22/turn              W - ring of magical power

@: berserking, gold aura, drained, very quick
A: distributed training, fangs 1, strong nose
a: Potion Petition, Call Merchant, Bribe Branch, Renounce Religion, Evoke
Berserk Rage


You were on level 2 of the Orcish Mines.
You worshipped Gozag.
Gozag was most pleased with you.
You were not hungry.

You visited 3 branches of the dungeon, and saw 23 of its levels.
You also visited: Ossuary and Gauntlet.

You collected 8124 gold pieces.
You spent 1573 gold pieces at shops.
You paid 4947 gold pieces to Gozag.

Inventory:

Hand Weapons
 m - the +6 long sword of Ynlets (weapon) {flame, rPois rC+++ MP-9 Str+3}
   (You found it on level 14 of the Dungeon)

   It has been specially enchanted to burn those struck by it, causing extra
   injury to most foes and up to half again as much damage against particularly
   susceptible opponents.
   Big, fiery blades are also staple armaments of hydra-hunters.
   It affects your strength (+3).
   It renders you almost immune to cold.
   It protects you from poison.
   It affects your magic capacity (-9).
 p - a +2 broad axe of electrocution
 J - a +2 dire flail of freezing
 M - the +7 dagger of Wica {vamp, Str+4 Dex+4}
   (You found it in a Gauntlet)

   It inflicts no extra harm, but heals its wielder when it wounds a living foe.
   It affects your strength (+4).
   It affects your dexterity (+4).
 S - a +4 blowgun {@w1}
 Z - the +8 hunting sling of Chaos {freeze, rPois rF+}
   (You found it on level 12 of the Dungeon)

   It causes projectiles fired from it to freeze those they strike, causing
   extra injury to most foes and up to half again as much damage against
   particularly susceptible opponents.
   They can also slow down cold-blooded creatures.
   It protects you from fire.
   It protects you from poison.
Missiles
 i - 14 javelins (quivered)
 n - 5 curare-tipped needles {=f}
 P - 85 sling bullets
Armour
 a - a +1 cloak (worn)
 q - a +1 pair of gloves (worn)
 u - a +3 buckler (worn)
 A - the +5 scale mail of the Eagle (worn) {rC+ MR+}
   (You found it on level 1 of the Lair of Beasts)

   It protects you from cold.
   It affects your resistance to hostile enchantments.
 U - the +0 helmet of the Hurricane (worn) {Regen+}
   (You found it on level 7 of the Dungeon)

   It increases your rate of regeneration.
Jewellery
 f - the ring of Hiovvify (left hand) {rElec rF+ Int+2 Dex+4 Stlth-}
   (You found it on level 6 of the Lair of Beasts)

   [ring of attention]

   It affects your intelligence (+2).
   It affects your dexterity (+4).
   It protects you from fire.
   It insulates you from electricity.
   It makes you less stealthy.
 y - a +5 amulet of reflection
 B - an amulet of rage (around neck)
 C - an uncursed ring of ice
 L - an uncursed ring of flight
 Q - an uncursed ring of stealth
 W - a ring of magical power (right hand)
Wands
 l - a wand of iceblast (10)
 r - a wand of polymorph (8)
 E - a wand of enslavement (10)
 H - a wand of paralysis (6)
 I - a wand of flame (56)
 Y - a wand of disintegration (39)
Scrolls
 g - 2 scrolls of magic mapping
 j - 4 scrolls of remove curse {@r2}
 k - 2 scrolls of identify {@r1}
 t - 5 scrolls of teleportation {@r4}
 x - 2 scrolls of fog
 O - 2 scrolls of amnesia
 V - 3 scrolls of fear
 X - 2 scrolls of enchant armour
Potions
 b - 3 potions of cancellation
 e - a potion of flight
 h - 2 potions of heal wounds {@q2}
 o - a potion of magic
 w - a potion of invisibility
 D - 3 potions of lignification {!q}
 F - 10 potions of curing {@q1}
 N - 4 potions of haste {@q3}
 T - 5 potions of resistance
Miscellaneous
 s - a phial of floods (inert)
 G - a lamp of fire (inert)
 R - a box of beasts
Comestibles
 d - 18 rations {@e1}


   Skills:
 + Level 11.2(10.5) Fighting
 + Level 10.4(9.6) Short Blades
 + Level 10.4(9.6) Long Blades
 + Level 10.4(9.6) Axes
 + Level 10.4(9.6) Maces & Flails
 + Level 11.2(10.5) Polearms
 + Level 10.4(9.6) Staves
 + Level 10.4(9.6) Slings
 + Level 10.4(9.6) Bows
 + Level 10.4(9.6) Crossbows
 + Level 10.4(9.6) Throwing
 + Level 10.7(9.9) Armour
 + Level 11.2(10.5) Dodging
 + Level 10.4(9.6) Stealth
 + Level 10.4(9.6) Shields
 + Level 10.4(9.6) Unarmed Combat
 + Level 11.4(10.6) Spellcasting
 + Level 8.8(8.1) Conjurations
 + Level 8.8(8.1) Hexes
 + Level 10.3(9.6) Charms
 + Level 8.8(8.1) Summonings
 + Level 8.8(8.1) Necromancy
 + Level 8.8(8.1) Translocations
 + Level 8.8(8.1) Transmutations
 + Level 8.8(8.1) Fire Magic
 + Level 8.8(8.1) Ice Magic
 + Level 8.8(8.1) Air Magic
 + Level 8.8(8.1) Earth Magic
 + Level 8.8(8.1) Poison Magic
 + Level 11.2(10.5) Invocations
 + Level 10.4(9.6) Evocations


You had 3 spell levels left.
You knew the following spells:

 Your Spells              Type           Power        Failure   Level  Hunger
a - Song of Slaying       Chrm           #####...     1%          2    None
c - Cause Fear            Hex            #####.....   4%          4    ##.....
d - Animate Dead          Necr           N/A          4%          4    ##.....
e - Spectral Weapon       Hex/Chrm       #####...     1%          3    None
i - Regeneration          Chrm/Necr      #####.....   1%          3    None
l - Lesser Beckoning      Tloc           #####.....   1%          3    None
o - Shroud of Golubria    Chrm/Tloc      #####.....   1%          2    None
s - Animate Skeleton      Necr           N/A          1%          1    None
u - Infusion              Chrm           ####         1%          1    None
v - Vampiric Draining     Necr           #####.....   1%          3    None
z - Summon Small Mammal   Summ           ####         1%          1    None
S - Silence               Hex/Air        #####.....   14%         5    ####...
X - Confusing Touch       Hex            #####.       1%          1    None
Y - Summon Butterflies    Summ           #####...     1%          1    None

Your spell library contained the following spells:

 Spells                   Type           Power        Failure   Level  Hunger
 Apportation              Tloc           #####.       1%          1    None
 Pain                     Necr           ####         1%          1    None
 Corpse Rot               Necr           N/A          1%          2    None
 Ignite Poison            Fire/Tmut/Pois #####...     1%          3    None
 Recall                   Summ/Tloc      N/A          1%          3    None
 Tukima's Dance           Hex            #####...     1%          3    None
 Leda's Liquefaction      Hex/Erth       #####.....   4%          4    ##.....
 Alistair's Intoxication  Tmut/Pois      #####...     14%         5    ####...
 Bolt of Magma            Conj/Fire/Erth #####.....   14%         5    ####...
 Borgnjor's Vile Clutch   Necr/Erth      #####.....   14%         5    ####...
 Fireball                 Conj/Fire      #####.....   14%         5    ####...
 Yara's Violent Unravell  Hex/Tmut       #####.....   14%         5    ####...
 Deflect Missiles         Chrm/Air       #####.....   50%         6    ######.
 Bolt of Fire             Conj/Fire      #####.....   58%         6    ######.
 Death Channel            Necr           #####.....   58%         6    ######.
 Dispersal                Tloc           #####.....   58%         6    ######.
 Invisibility             Hex            #####...     58%         6    ######.
 Iron Shot                Conj/Erth      #####.....   58%         6    ######.
 Simulacrum               Ice/Necr       #####.....   58%         6    ######.
 Statue Form              Tmut/Erth      #####....    58%         6    ######.
 Ring of Flames           Chrm/Fire      #####.....   97%         7    #######
 Controlled Blink         Tloc           N/A          100%        8    #######
 Discord                  Hex            #####.....   100%        8    #######
 Ignition                 Fire           #####.....   100%        8    #######
 Shatter                  Erth           #####.....   100%        9    #######


Dungeon Overview and Level Annotations

Branches:
Dungeon (15/15)            Temple (0/1) D:4            Lair (6/6) D:8
 Shoals (0/4) Lair:3       Spider (0/4) Lair:2        Slime (0/5) Lair:6
    Orc (2/2) D:11            Elf (0/3) Orc:2        Vaults (0/5) D:14
 Depths (0/5) D:15

Altars:
Dithmenos
Gozag
Makhleb
Nemelex Xobeh
Trog
Wu Jian
Yredelemnul
Jiyva

Shops:
D:5 ?   D:8 %   D:12 }   Orc:1 *   Lair:4 [

Portals:
Trove: D:10 (give +6 demon blade)

Annotations:
D:3 Grinder
D:4 1 runed translucent door, Crazy Yiuf
D:8 4 runed translucent doors
Lair:6 exclusion: 3 oklob plants
Orc:2 Donald


Innate Abilities, Weirdness & Mutations

Your experience applies equally to all skills.
You have very sharp teeth.
Your uncanny sense of smell can sniff out nearby items.


Message History

Donald hits you with a +0 vampiric scimitar!!!
* * * LOW HITPOINT WARNING * * *
Donald blocks your water elemental's attack.
Unknown command.
You slash Donald! You burn Donald. Your bite misses Donald.
Donald is moderately wounded.
Something hits your water elemental. The orc warrior completely misses you.
Your water elemental barely misses Donald.
Unknown command.
Use which ability? (? or * to list)
Okay, then.
You are too berserk!
You are too berserk!
Use which ability? (? or * to list)
Okay, then.
You slice Donald!! You burn Donald.
Donald is severely wounded.
Donald hits you with a +0 vampiric scimitar!!
You die...
Your body crumbles into a pile of gold.

.$.#... (.....###
.......#############
.$........ ......#.
#(.....# #......
##....≈# #.....
##.#..$o≈.# #.....
#....@#≈o.#..8 #.....
##.#.#@E≈.'.....#.....
####E≈.##...##.###.
##......#####..####
##...............##.
#...........##......
##..................
#...#.....#.#.......
##.##....#####......


You could see Donald, an orc warrior and 2 friendly water elementals.

Vanquished Creatures
  Rupert (Lair:6)
  A minotaur (Gauntlet)
  Snorg (Orc:2)
  A blizzard demon (Gauntlet)
  Josephine (D:12)
  6 hydras
  5 vault guards (D:14)
  Harold (D:8)
  2 centaur warriors
  An anaconda (shapeshifter) (D:15)
  An ogre mage (D:14)
  3 two-headed ogres
  A catoblepas (Lair:6)
  3 death yaks (Lair:6)
  A deep troll shaman (Lair:6)
  2 tengu warriors (D:15)
  Sonja (Lair:4)
  Nergalle (D:11)
  3 unseen horrors
  A glowing orange brain (D:15)
  A flayed ghost (D:12)
  A swamp dragon (shapeshifter) (D:15)
  A deep elf archer (D:14)
  A wolf spider (shapeshifter) (D:12)
  2 cyclopes (D:13)
  3 deep elf magi
  14 ugly things
  An orc sorcerer (D:14)
  2 large abominations (Gauntlet)
  7 manticores
  11 elephants (Lair:6)
  3 black mambas
  An ice statue (Gauntlet)
  4 gargoyles
  3 yaktaurs
  12 spiny frogs
  A rime drake (shapeshifter) (D:12)
  3 kobold demonologists (D:15)
  4 rime drakes
  5 komodo dragons
  A demonic crawler (Lair:2)
  A tengu conjurer (D:12)
  5 trolls
  A polar bear (Lair:6)
  A hornet (D:8)
  12 blink frogs
  8 dream sheep (Lair:6)
  8 slime creatures
  12 hippogriffs
  5 shadows
  A spriggan (shapeshifter) (D:15)
  Sigmund (D:6)
  3 fire bats (Lair:6)
  3 small abominations (Gauntlet)
  3 wyverns
  9 wraiths
  29 yaks
  2 basilisks (Lair:6)
  3 hungry ghosts
  A vampire mosquito (D:12)
  2 wargs
  12 water moccasins
  2 soldier ants
  5 porcupines
  16 orc warriors
  An eye of draining (D:12)
  3 ice beasts
  5 phantoms
  3 black bears
  3 sky beasts
  23 wolves
  8 ogres
  8 crocodiles
  7 centaurs
  5 big kobolds
  19 bullfrogs
  2 wyvern zombies
  A gnoll sergeant (D:9)
  2 wyvern skeletons
  5 scorpions
  16 killer bees
  15 wights
  A howler monkey (D:4)
  A lava snake (Lair:6)
  6 centaur zombies
  6 crimson imps
  2 bullfrog zombies
  9 jellies
  9 hounds
  3 bullfrog skeletons
  5 centaur skeletons
  9 orc priests
  A gnoll shaman (D:8)
  23 orc wizards
  Terence (D:2)
  3 iguanas
  5 worker ants
  A big kobold zombie (Ossuary)
  A bullfrog simulacrum (D:12)
  2 hound zombies
  A hound skeleton (D:8)
  2 mummies
  11 gnolls
  7 adders
  3 shadow imps
  7 oozes
  An adder zombie (D:7)
  An adder skeleton (D:9)
  5 worms
  A leopard gecko (D:8)
  72 orcs
  4 bats
  10 giant cockroaches
  5 goblins
  8 hobgoblins
  2 jackals (D:3)
  16 kobolds
  2 quokkas
  A ball python (D:3)
  4 frilled lizards
  A goblin zombie (Ossuary)
  10 hobgoblin zombies (Ossuary)
  A jackal zombie (Ossuary)
  10 kobold zombies
  6 orc zombies
  6 rats
  A spectral orc (D:4)
  A fungus (D:4)
  2 spectral weapons
678 creatures vanquished.

Vanquished Creatures (collateral kills)
  A hydra (Lair:6)
  A death yak (Lair:6)
  A dream sheep (Lair:6)
  An orc wizard (Orc:2)
  An orc priest (Orc:2)
  A big kobold zombie (Ossuary)
  An orc (D:6)
  A hobgoblin zombie (Ossuary)
  A kobold (D:10)
  A rat zombie (Ossuary)
10 creatures vanquished.

Vanquished Creatures (others)
  A centaur (D:10)
  A centaur zombie (Ossuary)
  A hound (D:5)
  A mummy (Ossuary)
  A demonic plant (Gauntlet)
  8 fungi (Lair:6)
  3 plants (Lair:6)
  6 spectral weapons
22 creatures vanquished.

Grand Total: 710 creatures vanquished

Notes
Turn   | Place    | Note
-------+----------+-------------------------------------------
     0 | D:1      | Zonian the Gnoll Skald began the quest for the Orb.
     0 | D:1      | Reached XP level 1. HP: 20/20 MP: 6/6
    97 | D:1      | Reached XP level 2. HP: 24/26 MP: 7/7
   787 | D:2      | Learned a level 2 spell: Shroud of Golubria
   917 | D:2      | Found a faded altar of an unknown god.
   936 | D:2      | Reached skill level 5 in Spellcasting
   936 | D:2      | Reached XP level 3. HP: 21/31 MP: 5/9
  1240 | D:2      | Found an ornate altar of the Wu Jian Council.
  1294 | D:2      | Found a shadowy altar of Dithmenos.
  1298 | D:2      | Found an opulent altar of Gozag.
  1316 | D:2      | Became a worshipper of Gozag Ym Sagoz the Greedy
  1407 | D:2      | Noticed Terence
  1414 | D:2      | Learned a level 3 spell: Spectral Weapon
  1418 | D:2      | Learned a level 3 spell: Regeneration
  1504 | D:2      | Killed Terence
  1504 | D:2      | Reached skill level 1 in Short Blades
  1504 | D:2      | Reached skill level 1 in Long Blades
  1504 | D:2      | Reached skill level 1 in Axes
  1504 | D:2      | Reached skill level 1 in Maces & Flails
  1504 | D:2      | Reached skill level 1 in Staves
  1504 | D:2      | Reached skill level 1 in Slings
  1504 | D:2      | Reached skill level 1 in Bows
  1504 | D:2      | Reached skill level 1 in Crossbows
  1504 | D:2      | Reached skill level 1 in Throwing
  1504 | D:2      | Reached skill level 1 in Stealth
  1504 | D:2      | Reached skill level 1 in Shields
  1504 | D:2      | Reached skill level 1 in Unarmed Combat
  1504 | D:2      | Reached skill level 1 in Invocations
  1504 | D:2      | Reached skill level 1 in Evocations
  1504 | D:2      | Reached XP level 4. HP: 29/38 MP: 1/11
  2337 | D:3      | Reached skill level 1 in Conjurations
  2337 | D:3      | Reached skill level 1 in Hexes
  2337 | D:3      | Reached skill level 1 in Summonings
  2337 | D:3      | Reached skill level 1 in Necromancy
  2337 | D:3      | Reached skill level 1 in Translocations
  2337 | D:3      | Reached skill level 1 in Transmutations
  2337 | D:3      | Reached skill level 1 in Fire Magic
  2337 | D:3      | Reached skill level 1 in Ice Magic
  2337 | D:3      | Reached skill level 1 in Air Magic
  2337 | D:3      | Reached skill level 1 in Earth Magic
  2337 | D:3      | Reached skill level 1 in Poison Magic
  2337 | D:3      | Reached XP level 5. HP: 28/43 MP: 9/12
  2349 | D:3      | Found a burning altar of Makhleb.
  2842 | D:4      | Reached XP level 6. HP: 50/50 MP: 13/13
  2932 | D:4      | Noticed Grinder
  3052 | D:4      | Found a sand-covered staircase.
  3057 | Ossuary  | Entered an ossuary
  3252 | Ossuary  | Reached skill level 5 in Fighting
  3252 | Ossuary  | Reached skill level 5 in Polearms
  3252 | Ossuary  | Reached skill level 5 in Dodging
  3335 | Ossuary  | HP: 2/51 [mummy (4)]
  3824 | D:4      | Reached XP level 7. HP: 48/56 MP: 15/15
  3925 | D:4      | Found a staircase to the Ecumenical Temple.
  4023 | D:4      | Found a basalt altar of Yredelemnul.
  4258 | D:4      | Found a runed translucent door.
  4259 | D:4      | Noticed Crazy Yiuf
  4296 | D:5      | Entered Level 5 of the Dungeon
  4643 | D:5      | Learned a level 1 spell: Confusing Touch
  4645 | D:5      | Learned a level 1 spell: Animate Skeleton
  4647 | D:5      | Learned a level 1 spell: Summon Small Mammal
  5333 | D:5      | Reached XP level 8. HP: 26/63 MP: 16/16
  6710 | D:6      | Noticed Sigmund
  7536 | D:5      | Bought a scroll of remove curse for 39 gold pieces
  7536 | D:5      | Bought a scroll of identify for 26 gold pieces
  7538 | D:5      | Bought a scroll of identify for 26 gold pieces
  7538 | D:5      | Bought a scroll of identify for 26 gold pieces
  7930 | D:6      | Killed Sigmund
  8156 | D:7      | Reached XP level 9. HP: 69/69 MP: 18/18
  8260 | D:7      | Reached skill level 5 in Armour
  8925 | D:7      | Got a smoking helmet
  8931 | D:7      | Identified the +0 helmet of the Hurricane {Regen+} (You
                  | found it on level 7 of the Dungeon)
  9101 | D:7      | Reached skill level 5 in Invocations
  9243 | D:8      | Found a huge runed translucent gate.
  9243 | D:8      | Found a huge runed translucent gate.
  9243 | D:8      | Found a huge runed translucent gate.
  9243 | D:8      | Noticed a polar bear
  9243 | D:8      | Noticed a hornet
  9243 | D:8      | Noticed a polar bear
  9244 | D:8      | Noticed a polar bear
  9245 | D:8      | Noticed a manticore
  9251 | D:8      | Killed a hornet
  9251 | D:8      | Reached XP level 10. HP: 77/77 MP: 20/20
  9252 | D:8      | Found a huge runed translucent gate.
  9765 | D:8      | Reached skill level 5 in Short Blades
  9765 | D:8      | Reached skill level 5 in Long Blades
  9765 | D:8      | Reached skill level 5 in Axes
  9765 | D:8      | Reached skill level 5 in Maces & Flails
  9765 | D:8      | Reached skill level 5 in Staves
  9765 | D:8      | Reached skill level 5 in Slings
  9765 | D:8      | Reached skill level 5 in Bows
  9765 | D:8      | Reached skill level 5 in Crossbows
  9765 | D:8      | Reached skill level 5 in Throwing
  9765 | D:8      | Reached skill level 5 in Stealth
  9765 | D:8      | Reached skill level 5 in Shields
  9765 | D:8      | Reached skill level 5 in Unarmed Combat
  9765 | D:8      | Reached skill level 5 in Evocations
  9808 | D:8      | Learned a level 2 spell: Song of Slaying
  9810 | D:8      | Learned a level 1 spell: Summon Butterflies
  9920 | D:8      | Found a staircase to the Lair.
 10307 | D:8      | Noticed Harold
 10478 | D:8      | Killed Harold
 10704 | D:9      | Noticed a two-headed ogre
 10730 | D:9      | Killed a two-headed ogre
 11022 | D:9      | Reached XP level 11. HP: 71/84 MP: 22/22
 11077 | D:9      | Killed an unseen horror
 11578 | Lair:1   | Entered Level 1 of the Lair of Beasts
 11613 | Lair:1   | Learned a level 3 spell: Vampiric Draining
 11628 | Lair:1   | Reached skill level 5 in Conjurations
 11628 | Lair:1   | Reached skill level 5 in Hexes
 11628 | Lair:1   | Reached skill level 5 in Summonings
 11628 | Lair:1   | Reached skill level 5 in Necromancy
 11628 | Lair:1   | Reached skill level 5 in Translocations
 11628 | Lair:1   | Reached skill level 5 in Transmutations
 11628 | Lair:1   | Reached skill level 5 in Fire Magic
 11628 | Lair:1   | Reached skill level 5 in Ice Magic
 11628 | Lair:1   | Reached skill level 5 in Air Magic
 11628 | Lair:1   | Reached skill level 5 in Earth Magic
 11628 | Lair:1   | Reached skill level 5 in Poison Magic
 11628 | Lair:1   | Reached XP level 12. HP: 93/93 MP: 24/24
 11701 | Lair:1   | Found a gate leading to a gauntlet.
 11711 | Lair:1   | Got a shimmering scale mail
 11722 | Lair:1   | Identified the +5 scale mail of the Eagle {rC+ MR+} (You
                  | found it on level 1 of the Lair of Beasts)
 11731 | Gauntlet | Entered a Gauntlet
 11731 | Gauntlet | Found a transporter.
 11731 | Gauntlet | Found a transporter.
 11732 | Gauntlet | Found a runed translucent door.
 11736 | Gauntlet | Found a transporter.
 11736 | Gauntlet | Found a transporter.
 11752 | Gauntlet | Found a transporter.
 11753 | Gauntlet | Noticed a tengu warrior
 11956 | Gauntlet | Found a transporter.
 11984 | Gauntlet | Found a transporter.
 11984 | Gauntlet | Found a transporter.
 11988 | Gauntlet | Found a transporter.
 11988 | Gauntlet | Found a transporter.
 12286 | Gauntlet | Found a transporter.
 12288 | Gauntlet | Noticed a blizzard demon
 12302 | Gauntlet | Identified Sif Muna's Tome of Dislocated Sinister Arts
 12307 | Gauntlet | Found a transporter.
 12334 | Gauntlet | Killed a blizzard demon
 12700 | Gauntlet | Noticed a minotaur
 12737 | Gauntlet | Killed a minotaur
 12778 | Gauntlet | Got a scorched dagger
 12996 | Lair:1   | Noticed a four-headed hydra
 13006 | Lair:1   | Killed a four-headed hydra
 13865 | Lair:2   | Identified the +7 dagger of Wica {vamp, Str+4 Dex+4} (You
                  | found it in a Gauntlet)
 13906 | Lair:2   | Found a hole to the Spider Nest.
 14015 | Lair:2   | Reached XP level 13. HP: 52/100 MP: 26/26
 15528 | Lair:3   | Found a staircase to the Shoals.
 17484 | Lair:4   | Noticed Sonja
 17492 | Lair:4   | Killed Sonja
 18320 | Lair:5   | Learned a level 4 spell: Animate Dead
 19001 | D:10     | Entered Level 10 of the Dungeon
 19790 | D:10     | Found a portal to a secret trove of treasure.
 20022 | D:11     | Found a bloodstained altar of Trog.
 20074 | D:11     | Identified the +1 leather armour "Etaege" {rF+ rC+} (You
                  | found it on level 11 of the Dungeon)
 20160 | D:11     | Reached XP level 14. HP: 82/109 MP: 27/27
 20434 | D:11     | Reached skill level 10 in Spellcasting
 20788 | D:11     | Found a staircase to the Orcish Mines.
 20949 | D:11     | Learned a level 4 spell: Cause Fear
 21074 | D:12     | You fall through a shaft!
 21364 | D:12     | Got a pitted hunting sling
 21365 | D:12     | Identified the +8 hunting sling of Chaos {freeze, rPois
                  | rF+} (You found it on level 12 of the Dungeon)
 21539 | D:12     | Reached skill level 10 in Fighting
 21539 | D:12     | Reached skill level 10 in Polearms
 21539 | D:12     | Reached skill level 10 in Dodging
 21665 | D:12     | Bought a wand of disintegration (15) for 323 gold pieces
 21665 | D:12     | Bought a wand of acid (7) for 374 gold pieces
 21665 | D:12     | Bought a wand of iceblast (7) for 187 gold pieces
 21822 | D:12     | Noticed a tengu reaver
 22175 | D:12     | Noticed Josephine
 22215 | D:12     | Upgraded the game from 0.23-b1-84-g6588a6b to 0.23.0
 22540 | D:12     | Learned a level 3 spell: Lesser Beckoning
 23695 | D:12     | Killed Josephine
 24331 | D:13     | Found a sparkling altar of Nemelex Xobeh.
 24934 | D:14     | Reached skill level 10 in Invocations
 25604 | D:14     | You fall through a shaft!
 25604 | D:15     | Entered Level 15 of the Dungeon
 26222 | D:14     | Reached XP level 15. HP: 100/117 MP: 25/29
 26249 | D:14     | Identified the +6 long sword of Ynlets {flame, rPois rC+++
                  | MP-9 Str+3} (You found it on level 14 of the Dungeon)
 26332 | D:14     | Found a gate to the Vaults.
 26808 | D:15     | Reached skill level 10 in Armour
 27348 | D:15     | Found a shadowy altar of Dithmenos.
 28190 | D:15     | Reached skill level 10 in Charms
 28201 | D:15     | Found a staircase to the Depths.
 28495 | Lair:6   | Entered Level 6 of the Lair of Beasts
 28594 | Lair:6   | Found a staircase to the Slime Pits.
 28595 | Lair:6   | Found a viscous altar of Jiyva.
 28734 | Lair:6   | Reached skill level 10 in Short Blades
 28734 | Lair:6   | Reached skill level 10 in Long Blades
 28734 | Lair:6   | Reached skill level 10 in Axes
 28734 | Lair:6   | Reached skill level 10 in Maces & Flails
 28734 | Lair:6   | Reached skill level 10 in Staves
 28734 | Lair:6   | Reached skill level 10 in Slings
 28734 | Lair:6   | Reached skill level 10 in Bows
 28734 | Lair:6   | Reached skill level 10 in Crossbows
 28734 | Lair:6   | Reached skill level 10 in Throwing
 28734 | Lair:6   | Reached skill level 10 in Stealth
 28734 | Lair:6   | Reached skill level 10 in Shields
 28734 | Lair:6   | Reached skill level 10 in Unarmed Combat
 28734 | Lair:6   | Reached skill level 10 in Evocations
 30469 | Lair:6   | Noticed Rupert
 31219 | Lair:6   | Killed Rupert
 31486 | Lair:6   | Reached XP level 16. HP: 115/125 MP: 27/31
 31550 | Lair:6   | Got a translucent golden ring
 31552 | Lair:6   | Identified the ring of Hiovvify {rElec rF+ Int+2 Dex+4
                  | Stlth-} (You found it on level 6 of the Lair of Beasts)
 31905 | Orc:1    | Entered Level 1 of the Orcish Mines
 31905 | Orc:1    | Noticed Nergalle
 31926 | D:11     | Killed Nergalle
 32853 | Orc:1    | Bought a potion of curing for 132 gold pieces
 32853 | Orc:1    | Bought a potion of heal wounds for 220 gold pieces
 32853 | Orc:1    | Bought a potion of heal wounds for 220 gold pieces
 32866 | Orc:2    | Entered Level 2 of the Orcish Mines
 32867 | Orc:2    | Noticed Snorg
 32880 | Orc:2    | Killed Snorg
 32889 | Orc:2    | Learned a level 5 spell: Silence
 32908 | Orc:2    | Found a staircase to the Elven Halls.
 33061 | Orc:2    | Noticed Donald
 33086 | Orc:2    | HP: 3/187 [Donald/+0 vampiric scimitar (39)]
 33088 | Orc:2    | Annihilated by Donald

Skill      XL: |  1  2  3  4  5  6  7  8  9 10 11 12 13 14 15 |
---------------+----------------------------------------------+-----
Spellcasting   | 5 6 7 8 9 10 11 | 11.4
Short Blades   | 1 2 3 4 5 6 7 8 9 10 | 10.4
Long Blades    | 1 2 3 4 5 6 7 8 9 10 | 10.4
Axes           | 1 2 3 4 5 6 7 8 9 10 | 10.4
Maces & Flails | 1 2 3 4 5 6 7 8 9 10 | 10.4
Staves         | 1 2 3 4 5 6 7 8 9 10 | 10.4
Slings         | 1 2 3 4 5 6 7 8 9 10 | 10.4
Bows           | 1 2 3 4 5 6 7 8 9 10 | 10.4
Crossbows      | 1 2 3 4 5 6 7 8 9 10 | 10.4
Throwing       | 1 2 3 4 5 6 7 8 9 10 | 10.4
Stealth        | 1 2 3 4 5 6 7 8 9 10 | 10.4
Shields        | 1 2 3 4 5 6 7 8 9 10 | 10.4
Unarmed Combat | 1 2 3 4 5 6 7 8 9 10 | 10.4
Invocations    | 1 2 3 4 5 6 7 8 9 10 11 | 11.2
Evocations     | 1 2 3 4 5 6 7 8 9 10 | 10.4
Conjurations   | 1 2 3 4 5 6 7 8 |  8.8
Hexes          | 1 2 3 4 5 6 7 8 |  8.8
Summonings     | 1 2 3 4 5 6 7 8 |  8.8
Necromancy     | 1 2 3 4 5 6 7 8 |  8.8
Translocations | 1 2 3 4 5 6 7 8 |  8.8
Transmutations | 1 2 3 4 5 6 7 8 |  8.8
Fire Magic     | 1 2 3 4 5 6 7 8 |  8.8
Ice Magic      | 1 2 3 4 5 6 7 8 |  8.8
Air Magic      | 1 2 3 4 5 6 7 8 |  8.8
Earth Magic    | 1 2 3 4 5 6 7 8 |  8.8
Poison Magic   | 1 2 3 4 5 6 7 8 |  8.8
Armour         | 3 4 5 6 7 8 9 10 | 10.7
Fighting       | 5 6 7 8 9 10 11 | 11.2
Polearms       | 5 6 7 8 9 10 11 | 11.2
Dodging        | 5 6 7 8 9 10 11 | 11.2
Charms         | 6 7 8 9 10 | 10.3

Action                   |  1- 3 |  4- 6 |  7- 9 | 10-12 | 13-15 | 16-18 || total
-------------------------+-------+-------+-------+-------+-------+-------++-------
Melee: Spear             |   117 |   362 |   218 |   386 |       |       ||  1083
       Bite              |    12 |    41 |    51 |    83 |   457 |    25 ||   669
       Punch             |       |     4 |     8 |    18 |   114 |       ||   144
       Trident           |       |       |   116 |       |       |       ||   116
       Dire flail        |       |       |    21 |    88 |       |       ||   109
       Dagger            |       |       |       |    60 |  1672 |       ||  1732
       Scythe            |       |       |       |    24 |       |       ||    24
       Long sword        |       |       |       |       |   464 |   134 ||   598
 Fire: Hunting sling     |       |       |       |       |    45 |    13 ||    58
       Blowgun           |       |       |       |       |     5 |       ||     5
Throw: Tomahawk          |       |    10 |     3 |       |       |       ||    13
       Throwing net      |       |       |       |     7 |       |       ||     7
       Javelin           |       |       |       |     3 |    22 |       ||    25
 Cast: Infusion          |     2 |     2 |     2 |       |     2 |       ||     8
       Shroud of Golubri |     1 |     2 |     8 |    11 |    19 |     1 ||    42
       Regeneration      |     1 |     1 |       |     1 |     4 |       ||     7
       Spectral Weapon   |       |     9 |    12 |    15 |    19 |       ||    55
       Confusing Touch   |       |       |     6 |    12 |   149 |     5 ||   172
       Vampiric Draining |       |       |       |     2 |     4 |       ||     6
       Song of Slaying   |       |       |       |     1 |     1 |       ||     2
       Summon Butterflie |       |       |       |     1 |       |       ||     1
       Lesser Beckoning  |       |       |       |       |     4 |       ||     4
       Animate Dead      |       |       |       |       |     2 |     1 ||     3
       Cause Fear        |       |       |       |       |     2 |       ||     2
       Summon Small Mamm |       |       |       |       |     2 |       ||     2
       Animate Skeleton  |       |       |       |       |     1 |       ||     1
Invok: Call Merchant     |       |       |     1 |     1 |     2 |     1 ||     5
       Potion Petition   |       |       |       |     2 |       |       ||     2
 Abil: Evoke Berserk Rag |       |       |       |     1 |     2 |       ||     3
Evoke: Wand              |       |     3 |     8 |     4 |    27 |       ||    42
       Lamp of fire      |       |       |       |       |     1 |       ||     1
       Box of beasts     |       |       |       |       |     1 |       ||     1
       Phantom mirror    |       |       |       |       |     1 |       ||     1
       Phial of floods   |       |       |       |       |       |     1 ||     1
  Use: Scroll            |       |    11 |    11 |     9 |    22 |       ||    53
       Potion            |       |     3 |       |     4 |     7 |     2 ||    16
 Stab: Sleeping          |     3 |     2 |     6 |     8 |    32 |       ||    51
       Distracted        |       |     2 |     1 |     6 |    12 |     2 ||    23
       Confused          |       |       |     3 |    11 |   101 |     5 ||   120
       Paralysed         |       |       |    14 |     8 |     1 |       ||    23
       Held in net/web   |       |       |       |     7 |       |       ||     7
       Petrifying        |       |       |       |       |     1 |       ||     1
  Eat: Chunk             |     2 |       |       |       |       |       ||     2
       Ration            |       |     3 |     6 |     6 |    19 |     1 ||    35
Armor: Leather armour    |     6 |    76 |    69 |    38 |       |       ||   189
       Ring mail         |       |       |       |    42 |       |       ||    42
       Scale mail        |       |       |       |    58 |   673 |    35 ||   766
Dodge: Dodged            |    57 |   197 |   193 |   294 |   977 |    84 ||  1802
Block: Other             |       |       |    31 |   103 |   260 |       ||   394
       Reflection        |       |       |       |     1 |    12 |       ||    13
       Buckler           |       |       |       |       |   290 |    80 ||   370
       Rpst.: Long sword |       |       |       |       |    53 |    23 ||    76
